 Dungeon Crawl Stone Soup version 0.19.1 (webtiles) character file.

51 empire the Magician (level 3, -2/24 HPs)
             Began as a Mummy Wizard on Dec 16, 2016.
             Slain by an adder (3 damage)
             ... on level 2 of the Dungeon.
             The game lasted 00:04:07 (1654 turns).

empire the Magician (Mummy Wizard)                  Turns: 1654, Time: 00:04:08

Health: -2/24      AC:  2    Str: 10    XL:     3   Next: 58%
Magic:  0/7        EV: 12    Int: 18    God:
Gold:   74         SH:  0    Dex: 10    Spells: 1 memorised, 7 levels left

rFire  x . .     SeeInvis .     b - +0 dagger
rCold  + . .     Gourm    .     d - +0 robe
rNeg   + + +     Faith    .     (no shield)
rPois  ∞         Spirit   .     f - +0 hat
rElec  .         Reflect  .     (no cloak)
rCorr  .         Harm     .     (no gloves)
MR     .....                    (no boots)
Stlth  ++........               (no amulet)
                                (no ring)
                                (no ring)

@: no status effects
A: no food or potions, fire vulnerability, cold resistance 1, negative energy
resistance 3, torment resistance, unbreathing
a: no special abilities


You were on level 2 of the Dungeon.
You were not hungry.

You visited 1 branch of the dungeon, and saw 2 of its levels.

You collected 74 gold pieces.

Inventory:

Hand Weapons
 a - a +0 mace
 b - a +0 dagger (weapon)
Missiles
 h - 44 bolts
Armour
 d - a +0 robe (worn)
 f - a +0 hat (worn)
Scrolls
 e - a scroll of remove curse {unknown}
 g - 5 scrolls of identify {unknown}
 i - a scroll of amnesia {unknown}
Books
 c - a book of Minor Magic

   Spells                             Type                      Level
   a - Magic Dart                     Conjuration                  1
   b - Blink                          Translocation                2
   c - Call Imp                       Summoning                    2
   d - Repel Missiles                 Charms/Air                   2
   e - Slow                           Hexes                        2
   f - Conjure Flame                  Conjuration/Fire             3
   g - Mephitic Cloud                 Conjuration/Poison/Air       3


   Skills:
 - Level 1.5 Dodging
 - Level 1.5 Stealth
 - Level 3.0 Spellcasting
 + Level 2.9 Conjurations
   Level 0.7 Summonings
   Level 0.7 Translocations


You had 7 spell levels left.
You knew the following spells:

 Your Spells              Type           Power        Failure   Level  Hunger
a - Magic Dart            Conj           ##..         6%          1    N/A

Dungeon Overview and Level Annotations

Branches:
Dungeon (2/15)

Altars:
Kikubaaqudgha


Innate Abilities, Weirdness & Mutations

You do not eat or drink.
Your flesh is vulnerable to fire.
You are immune to poison.
Your flesh is cold resistant. (rC+)
You are immune to negative energy. (rN+++)
You are immune to unholy pain and torment.
You can survive without breathing.


Message History

The magic dart hits the adder.
The adder is severely wounded.
The adder bites you but does no damage. The adder bites you.
* * * LOW HITPOINT WARNING * * *
You can't drink.
Okay, then.
The adder bites you.
* * * LOW HITPOINT WARNING * * *
Casting: Magic Dart
Confirm with . or Enter, or press ? or * to list all spells.
Aiming: Magic Dart
Press: ? - help, Shift-Dir - straight line, f/p - adder
Aim: an adder (severely wounded)
The magic dart hits the adder.
The adder is severely wounded.
The adder bites you.
* * * LOW HITPOINT WARNING * * *
The adder bites you.
You die...

#.##.######.#########.#
#.##.#....#...........#
#.##....#.#############
#.###........
#.........###
#####.##..... #####
##....#### # .....
#........##.#..# #####
#.###....@.....# #.#
#.##S##.##.# ###### #.#
#.##.# .. #..... #.#
#.##.#######.####..!..
#.#
#.##.......#>.........
#.#
#.########.######.....
#.# #.. #.# #...). ###
#.# #..... #.####
#.....


You could see an adder.

Vanquished Creatures
  An adder (D:2)
  2 worms (D:2)
  2 leopard geckos
  6 hobgoblins
  4 jackals (D:1)
  A ball python (D:2)
  5 bats
  3 frilled lizards
  4 goblins
  3 kobolds
  3 rats
34 creatures vanquished.

Notes
Turn   | Place    | Note
-------+----------+-------------------------------------------
     0 | D:1      | empire the Mummy Wizard began the quest for the Orb.
     0 | D:1      | Reached XP level 1. HP: 13/13 MP: 4/4
    68 | D:1      | Reached skill level 1 in Conjurations
   261 | D:1      | Reached XP level 2. HP: 15/19 MP: 0/6
   953 | D:2      | Reached XP level 3. HP: 22/24 MP: 1/7
  1129 | D:2      | Found an ancient bone altar of Kikubaaqudgha.
  1653 | D:2      | HP: 1/24 [adder (3)]
  1654 | D:2      | Slain by an adder

Skill      XL: |  1  2 |
---------------+-------+-----
Conjurations   | 1 2 |  2.9
Dodging        | |  1.5
Stealth        | |  1.5
Spellcasting   | |  3.0
Summonings     | |  0.7
Translocations | |  0.7

Action                   || total
-------------------------++-------
Melee: Unarmed           ||     6
       Dagger            ||    35
 Cast: Magic Dart        ||    76
 Stab: Sleeping          ||     1
Armor: Robe              ||    21
Dodge: Dodged            ||    53
